 Dungeon Crawl Stone Soup version 0.25-a0-651-g8c222c7a2b (webtiles) character file.

Game seed: 17914995057142172461, levelgen mode: deterministic

125 ReteAZ the Ducker (level 5, -6/36 HPs)
             Began as an Octopode Fighter on Mar 22, 2020.
             Was an Initiate of the Shining One.
             Mangled by Blork the orc
             ... wielding a +0 long sword
              (9 damage)
             ... on level 4 of the Dungeon.
             The game lasted 00:06:30 (3346 turns).

ReteAZ the Ducker (Octopode Fighter)                Turns: 3346, Time: 00:06:31

Health: -6/36      AC:  1    Str: 18    XL:     5   Next: 9%
Magic:  5/5        EV: 12    Int: 10    God:    the Shining One [......]
Gold:   245        SH:  9    Dex: 14    Spells: 4/4 levels left

rFire    . . .     SeeInvis .   a - +0 long sword
rCold    . . .     Gourm    .   o - +0 kite shield
rNeg     . . .     Faith    .   (helmet restricted)
rPois    .         Spirit   .   (no amulet)
rElec    .         Reflect  .   v - +2 ring of strength
rCorr    .         Harm     .   (no ring)
MR       .....     Rnd*Tele +   (no ring)
Stlth    +.........             (no ring)
HPRegen  0.12/turn              (no ring)
MPRegen  0.09/turn              (no ring)
                                (no ring)
                                (no ring)

@: stab, very slightly contaminated, glowing, invisible (but backlit and
visible)
A: almost no armour, stealthy swim, amphibious, 8 rings, constrict 8, camouflage
1, agile 1, blink, teleportitis 1, gelatinous body 1
a: Blink, Renounce Religion


You were on level 4 of the Dungeon.
You worshipped the Shining One.
The Shining One was noncommittal.
You were not hungry.

You visited 1 branch of the dungeon, and saw 4 of its levels.

You collected 245 gold pieces.

Inventory:

Hand Weapons
 a - a +0 long sword (weapon)
 b - a +0 hunting sling
Missiles
 q - 31 sling bullets
Armour
 o - a +0 kite shield (worn)
Jewellery
 t - an uncursed ring of resist corrosion
 v - a +2 ring of strength (left tentacle)
Wands
 m - a wand of digging (6)
Scrolls
 j - a scroll of identify {unknown}
 k - 2 scrolls of enchant armour {unknown}
 l - 3 scrolls of remove curse {unknown}
 p - a scroll of teleportation {unknown}
 r - a scroll of enchant weapon {unknown}
Potions
 c - a potion of might
 e - a potion of magic {unknown}
 f - a potion of cancellation
 g - a potion of lignification {unknown}
 h - a potion of berserk rage {unknown}
 i - a potion of stabbing
 n - a potion of mutation
 u - a potion of curing
Comestibles
 d - 3 rations


   Skills:
 + Level 3.6 Fighting
 * Level 3.5 Long Blades
 + Level 3.7 Dodging
 + Level 3.6 Shields


You had 4 spell levels left.
You didn't know any spells.
Your spell library was empty.

Dungeon Overview and Level Annotations

Branches:
Dungeon (4/15)
 Temple: D:4-7

Altars:
Dithmenos
Trog
The Shining One

Annotations:
D:2 1 runed translucent door, 1 exclusion, Crazy Yiuf
D:4 1 exclusion, Blork the orc, Dowan, Duvessa


Innate Abilities, Weirdness & Mutations

You cannot wear most types of armour.
You are very stealthy in the water. (Stealth+)
You are amphibious.
You can wear up to eight rings at the same time.
You can use your tentacles to constrict eight enemies at once.
Your skin changes colour to match your surroundings (Stealth+).
Your rubbery body absorbs attacks. (AC +1, EV +1)
You are agile. (Dex +2)
You can translocate small distances at will.
You are occasionally teleported next to monsters.


Message History

You feel better.
Blork the orc screams, "I'll break your arms!"
It was a potion of invisibility.
You become transparent, but the glow from your halo prevents you from becoming completely invisible.
Blork the orc gestures wildly while chanting.
Blork the orc seems to speed up.
You are very lightly contaminated with residual magic.
You hit Blork the orc. You grab Blork the orc.
Blork the orc is heavily wounded.
You constrict Blork the orc, but do no damage.
Blork the orc casts a spell at you. The puff of frost misses you.
Blork the orc barely misses you.
You hit Blork the orc but do no damage. You squeeze Blork the orc!
Blork the orc is severely wounded.
You constrict Blork the orc.
Blork the orc points at you and mumbles some strange words.
The puff of flame hits you!
* * * LOW HITPOINT WARNING * * *
Blork the orc hits you with a +0 long sword!
You die...

.........# ........##.
#.# .......##.##.#
......# ..#.# .(...
#.#.# ########## ...
#...# #......... #.#
#..# #.########
#.######..#####.#.......
#.##..o@.>......#.#####.
#.##.####.#######.#####.
#.##.# #.# #........
#.##.# #.# #..######
#.##.# #.# #..# #.##.#
#.# #..# #.##.# #.# #..#
#.##.# #.# #..# #.##.#
#..#


You could see Blork the orc.

Vanquished Creatures
  A bullfrog skeleton (D:4)
  6 adders
  2 worms
  A dart slug (D:1)
  2 leopard geckos
  A ball python (D:2)
  4 bats
  2 giant cockroaches
  2 goblins
  4 hobgoblins
  3 jackals (D:3)
  2 frilled lizards (D:2)
  7 kobolds
  4 rats
41 creatures vanquished.

Notes
Turn   | Place    | Note
-------+----------+-------------------------------------------
     0 | D:1      | ReteAZ the Octopode Fighter began the quest for the Orb.
     0 | D:1      | Reached XP level 1. HP: 16/16 MP: 1/1
   236 | D:1      | Reached XP level 2. HP: 17/21 MP: 2/2
   581 | D:2      | Found a shadowy altar of Dithmenos.
   760 | D:2      | Reached XP level 3. HP: 18/26 MP: 3/3
  1854 | D:2      | Found a runed translucent door.
  1855 | D:2      | Noticed Crazy Yiuf
  2118 | D:3      | Reached XP level 4. HP: 23/31 MP: 4/4
  2547 | D:3      | Found a bloodstained altar of Trog.
  2668 | D:3      | Found a faded altar of an unknown god.
  2697 | D:3      | Found a glowing golden altar of the Shining One.
  2984 | D:3      | Became a worshipper of the Shining One
  3032 | D:4      | Noticed Blork the orc
  3078 | D:4      | Noticed Dowan
  3078 | D:4      | Noticed Duvessa
  3331 | D:4      | Reached XP level 5. HP: 6/36 MP: 5/5
  3337 | D:4      | Gained mutation: You are occasionally teleported next to
                  | monsters. [potion of mutation]
  3337 | D:4      | Gained mutation: You can translocate small distances at
                  | will. [potion of mutation]
  3337 | D:4      | Gained mutation: You are agile. (Dex +2) [potion of
                  | mutation]
  3346 | D:4      | Mangled by Blork the orc

Levels and vault maps discovered:
D:1:      mrwooster_arrival_statue_3, layout_loops_ring
D:2:      layout_loops_corners, lemuel_coloured_pillars_altar,
          uniq_crazy_yiuf_cottage
D:3:      layout_basic, old_standard_altar, chequers_ecumenical_altar_lobes,
          lemuel_tele_altar
D:4:      layout_basic, first_ration, solitary_fountain, uniq_blork_the_orc,
          uniq_duvessa

Skill      XL: |  1  2  3 |
---------------+----------+-----
Long Blades    | 3 |  3.5
Fighting       | |  3.6
Dodging        | |  3.7
Shields        | |  3.6

Action                   |  1- 3 |  4- 6 || total
-------------------------+-------+-------++-------
Melee: Long sword        |    51 |    20 ||    71
       Constrict         |    14 |     9 ||    23
       Tentacles         |     9 |     7 ||    16
 Fire: Hunting sling     |       |    17 ||    17
  Use: Potion            |       |     6 ||     6
 Stab: Sleeping          |     7 |       ||     7
  Eat: Chunk             |     4 |     1 ||     5
       Ration            |       |     1 ||     1
Armor: Skin              |     4 |     1 ||     5
Dodge: Dodged            |    18 |    21 ||    39
Block: Kite shield       |    19 |     3 ||    22
       Rpst.: Long sword |     8 |     8 ||    16

Table legend:
 A = Non-vault XP
 B = Vault XP
 C = Vault XP percentage of total XP
 D = Non-vault monster count
 E = Vault monster count
 F = Vault count percentage of total count
                 A         B        C        D         E       F
            +---------+---------+-------+---------+---------+-------
      Total |     179 |       0 |   0.0 |      41 |       0 |   0.0
            +---------+---------+-------+---------+---------+-------
        D:1 |      16 |       0 |   0.0 |      10 |       0 |   0.0
        D:2 |      60 |       0 |   0.0 |      15 |       0 |   0.0
        D:3 |      53 |       0 |   0.0 |      14 |       0 |   0.0
        D:4 |      50 |       0 |   0.0 |       2 |       0 |   0.0
            +---------+---------+-------+---------+---------+-------
